 Dungeon Crawl Stone Soup version 0.27-a0-156-gbcd94eb011 (webtiles) character file.

Game seed: 10755802759231041815

189 dickylongcocking the Insei (level 5, 0/33 HPs)
             Began as an Octopode Transmuter on Jan 28, 2021.
             Was a Follower of Cheibriados.
             Slain by an ice beast (4 damage)
             ... on level 3 of the Dungeon.
             The game lasted 00:02:40 (3214 turns).

dickylongcocking the Insei (Octopode Transmuter)    Turns: 3214, Time: 00:02:40

Health: 0/33       AC:  1    Str: 12    XL:     5   Next: 68%
Magic:  8/8        EV: 14    Int: 20    God:    Cheibriados [*.....]
Gold:   313        SH:  0    Dex: 15    Spells: 1/8 levels left

rFire    . . .     SeeInvis +     - Unarmed
rCold    + . .     Faith    .   (no shield)
rNeg     . . .     Spirit   .   (helmet currently unavailable)
rPois    .         Reflect  .   (no amulet)
rElec    .         Harm     .   f - ring of flight (curse)
rCorr    .         Rampage  .   g - ring of protection from cold
Will     .....                  j - ring of see invisible
Stlth    +++.......             (no ring)
HPRegen  0.11/turn              (no ring)
MPRegen  0.11/turn              (no ring)
                                (no ring)
                                (no ring)

@: about to teleport, appendages (expiring), very slow
A: almost no armour, stealthy swim, amphibious, 8 rings, constrict 8, tentacle
spike 3, camouflage 1, gelatinous body 1
a: End Transformation, Renounce Religion, Evoke Flight, Bend Time


You were on level 3 of the Dungeon.
You worshipped Cheibriados.
Cheibriados was aware of your devotion.
One of your tentacles had a temporary spike.
You visited 1 branch of the dungeon, and saw 3 of its levels.

You collected 313 gold pieces.

Inventory:

Jewellery
 f - a cursed ring of flight (left tentacle)
 g - a ring of protection from cold (right tentacle)
 j - a ring of see invisible (on tentacle)
Scrolls
 a - 2 scrolls of remove curse {unknown}
 b - 3 scrolls of identify {unknown}
 c - a scroll of magic mapping {unknown}
 d - 3 scrolls of teleportation
 h - 2 scrolls of immolation {unknown}
Potions
 e - a potion of brilliance
 i - a potion of haste {unknown}
 k - a potion of attraction {unknown}
 l - a potion of mutation {unknown}


   Skills:
 * Level 1.3 Fighting
 + Level 2.4 Dodging
 + Level 2.9 Stealth
 * Level 5.0 Unarmed Combat
 + Level 2.4 Spellcasting
 + Level 2.2 Transmutations


You had one spell level left.
You knew the following spells:

 Your Spells              Type           Power        Failure   Level
a - Beastly Appendage     Tmut           22%          6%          1
b - Apportation           Tloc           4%           16%         1
c - Blade Hands           Tmut           5%           86%         5

Your spell library contained the following spells:

 Spells                   Type           Power        Failure   Level
 Animate Skeleton         Necr           4%           16%         1
 Corona                   Hex            2%           16%         1
 Summon Small Mammal      Summ           8%           16%         1
 Wereblood                Tmut           11%          9%          2
 Spider Form              Tmut/Pois      3%           28%         3
 Ice Form                 Ice/Tmut       6%           67%         4


Dungeon Overview and Level Annotations

Branches:
Dungeon (3/15)

Altars:
Cheibriados
Gozag
Wu Jian
Xom


Innate Abilities, Weirdness & Mutations

You cannot wear most types of armour.
You are very stealthy in the water. (Stealth+)
You are amphibious.
You can wear up to eight rings at the same time.
You can use your tentacles to constrict eight enemies at once.
Your skin changes colour to match your surroundings (Stealth+).
Your rubbery body absorbs attacks. (AC +1, EV +1)
One of your tentacles bears a large vicious spike.


Message History

The ice beast is severely wounded.
The ice beast hits you. The ice beast freezes you. You resist.
You closely miss the ice beast.
The ice beast is severely wounded.
The ice beast hits you but does no damage.
You tentacle-slap the ice beast.
The ice beast is severely wounded.
The ice beast hits you. The ice beast freezes you. You resist.
* * * LOW HITPOINT WARNING * * *
Okay, then.
As you read the scroll of teleportation, it crumbles to dust.
You feel strangely unstable.
Your transformation is almost over.
The ice beast misses you.
Unknown command.
Unknown command.
The ice beast hits you.
* * * LOW HITPOINT WARNING * * *
The ice beast freezes you. You resist.
You die...

#...### #.# ##..# #.#
#..# #.# #.## #.#
#####.######.######
#.....##........<.#
#.#....<...>......#
....#.##....[.....#
.#.##†.#########@##
...###.# ######Y######
#.## #†## #≈≈.(.......#
#.## #..###≈≈≈........#
#..####.#.#≈≈≈≈...)_..#
##..# #...#≈≈≈.....♣..#
###.# #...#≈≈≈.......(#
# #.# ##..#≈≈.........#
# #.# #..#≈≈..(......#


You could see an ice beast.

Vanquished Creatures
  A scorpion (D:2)
  3 gnolls (D:3)
  3 adders
  A worm (D:2)
  2 leopard geckos
  4 orcs (D:3)
  8 bats
  6 giant cockroaches
  8 goblins
  8 hobgoblins
  3 jackals (D:1)
  A quokka (D:2)
  2 ball pythons
  4 frilled lizards
  8 kobolds
  14 rats
76 creatures vanquished.

Notes
Turn   | Place    | Note
-------+----------+-------------------------------------------
     0 | D:1      | dickylongcocking the Octopode Transmuter began the quest
                  | for the Orb.
     0 | D:1      | Reached XP level 1. HP: 13/13 MP: 3/3
   238 | D:1      | Reached XP level 2. HP: 18/18 MP: 3/5
   495 | D:1      | Reached XP level 3. HP: 23/23 MP: 6/6
  1116 | D:2      | Found a snail-covered altar of Cheibriados.
  1150 | D:2      | Found a shimmering altar of Xom.
  1156 | D:2      | Became a worshipper of Cheibriados the Contemplative
  1279 | D:2      | Noticed a scorpion
  1286 | D:2      | Killed a scorpion
  1287 | D:2      | Reached skill level 1 in Stealth
  1287 | D:2      | Reached skill level 4 in Unarmed Combat
  1287 | D:2      | Reached XP level 4. HP: 5/28 MP: 7/7
  2031 | D:2      | Learned a level 1 spell: Apportation
  2408 | D:3      | Noticed an ice beast
  2413 | D:3      | Reached XP level 5. HP: 32/33 MP: 8/8
  2579 | D:3      | Found an opulent altar of Gozag.
  2615 | D:3      | Reached * piety under Cheibriados
  3069 | D:3      | Reached skill level 5 in Unarmed Combat
  3192 | D:3      | Found an ornate altar of the Wu Jian Council.
  3199 | D:3      | Learned a level 5 spell: Blade Hands
  3214 | D:3      | Slain by an ice beast

Illustrated notes

Levels and vault maps discovered:
D:1:      lemuel_arrival_behind_the_door_large, layout_basic
D:2:      layout_loops_corners, chequers_temple_overflow_statue_of_worship,
          amcnicky_mini_rare_corridor_liquid
D:3:      layout_rooms, grunt_temple_overflow_order_and_chaos_2,
          overflow_temple_1_default, nzn_wu_jian_contemplation,
          minmay_fractal_squares_5

Skill      XL: |  1  2  3  4  5 |
---------------+----------------+-----
Stealth        | 1 2 |  2.9
Unarmed Combat | 4 5 |  5.0
Fighting       | |  1.3
Dodging        | |  2.4
Spellcasting   | |  2.4
Transmutations | |  2.2

Action                   |  1- 3 |  4- 6 || total
-------------------------+-------+-------++-------
Melee: Unarmed           |    68 |    85 ||   153
       Constrict         |    22 |    23 ||    45
       Kick              |     8 |     8 ||    16
       Tentacles         |    12 |    12 ||    24
       Punch             |     3 |     1 ||     4
 Cast: Beastly Appendage |     4 |     5 ||     9
  Use: Potion            |       |     3 ||     3
       Scroll            |       |     2 ||     2
 Stab: Sleeping          |     6 |    13 ||    19
Armor: Skin              |     2 |     7 ||     9
Dodge: Dodged            |    32 |    46 ||    78

Table legend: (Time is in decaauts)
 A = Elapsed time spent in this place.
 B = Non-inter-level travel time spent in this place.
 C = Inter-level travel time spent in this place.
 D = Time resting spent in this place.
 E = Time spent auto-exploring this place.
 F = Levels seen in this place.
 G = Mean time per level.
                   A        B        C        D        E       F      G
               +--------+--------+--------+--------+--------+-----+--------+
         Total |   3524 |   3431 |     93 |    325 |   2606 |   3 | 1174.7 |
       Dungeon |   3524 |   3431 |     93 |    325 |   2606 |   3 | 1174.7 |
               +--------+--------+--------+--------+--------+-----+--------+

Top non-repeatable levels by time:
     D:2: 1519 daAuts
     D:1: 1097 daAuts
     D:3: 906 daAuts
